Map: Neonlichtdistrikt LE

Players

Kunamatata

  • Race: Terran Terran
  • League: Master
  • Spawn Location: 5:00

Dystopia - Winner!

  • Race: Protoss Protoss
  • League: Master
  • Spawn Location: 11:00

VOD

Have the link to the VOD?

Description

Time

  • Played on: Nov. 16, 2017, 5:57 p.m.
  • Length: 12:35
Show
View Real Time Build Order
Export as new Build Order

Kunamatata Terran 

Build Orders: Cyclone Opening, MMM Bio 

Get SALT Encoding   

  12  0:01  SCV  
  13  0:13  SCV  
  14  0:18  Supply Depot  
  14  0:25  SCV  
  15  0:40  SCV  
  15  0:41  Barracks  
  16  0:46  Refinery  
  16  0:52  SCV  
  17  1:04  SCV  
  18  1:16  SCV  
  19  1:28  Barracks Reactor  
  19  1:29  Orbital Command  
  19  1:44  Command Center  
  19  1:54  SCV  
  19  1:56  Supply Depot  
  20  2:04  Marine x2  
  20  2:06  SCV  
  23  2:13  Factory  
  23  2:18  SCV  
  24  2:23  Marine x2  
  24  2:28  Refinery  
  26  2:31  SCV  
  27  2:41  Marine x2  
  27  2:43  SCV  
  30  2:55  SCV  
  30  2:56  Cyclone  
  30  2:57  Barracks  
  35  3:01  Marine x2  
  35  3:04  Orbital Command  
  36  3:08  SCV  
  37  3:18  Starport  
  37  3:20  SCV, Marine  
  37  3:23  Marine  
  40  3:31  Widow Mine  
  40  3:32  SCV x2  
  44  3:38  Supply Depot  
  44  3:43  Marine  
  44  3:44  SCV  
  46  3:51  Supply Depot  
  46  3:59  Medivac, Widow Mine, SCV x2, Marine  
  53  4:08  Barracks  
  53  4:11  SCV  
  53  4:12  Barracks, SCV  
  55  4:17  Marine  
  55  4:19  Marine  
  55  4:23  SCV  
  58  4:24  SCV  
  58  4:30  Factory Reactor  
  58  4:31  Starport Reactor  
  59  4:33  Refinery  
  59  4:36  SCV x2  
  59  4:37  Engineering Bay  
  61  4:41  Marine  
  62  4:47  Supply Depot  
  62  4:50  Supply Depot  
  62  4:57  Barracks Tech Lab  
  62  5:08  SCV x2, Marine x3  
  64  5:27  Marine x2  
  63  5:28  Barracks Tech Lab  
  63  5:30  Medivac, Stimpack, Widow Mine  
  63  5:31  Medivac, Widow Mine, SCV  
  63  5:32  SCV  
  63  5:35  Supply Depot x2  
  61  5:44  SCV x2, Marine  
  61  5:46  Missile Turret  
  61  5:49  Missile Turret  
  64  5:50  Terran Infantry Weapons Level 1  
  64  5:51  Combat Shields  
  64  5:54  Marine x2  
  64  5:55  Marine  
  64  5:56  SCV  
  64  5:57  SCV  
  65  6:01  Widow Mine x2  
  65  6:02  Medivac x2  
  74  6:13  Marine  
  74  6:14  Supply Depot, Marauder, Marine x2  
  77  6:21  Command Center  
  77  6:26  SCV x2  
  77  6:29  Widow Mine  
  77  6:31  Marine x2  
  80  6:40  SCV x2  
  81  6:48  Barracks  
  81  6:50  Barracks  
  81  6:51  Barracks  
  81  6:52  Refinery, SCV x2, Marine x2  
  81  6:53  Marauder x2  
  89  7:09  Widow Mine x2  
  89  7:10  Medivac x2, Marine x2  
  99  7:20  Marine x2  
  99  7:21  SCV x2  
  99  7:31  Engineering Bay  
  99  7:33  Armory, SCV x2  
  99  7:34  Orbital Command  
  99  7:35  Supply Depot, Barracks Tech Lab  
  99  7:37  Barracks Reactor  
  101  7:38  Barracks Reactor  
  101  7:44  Marauder x2, Marine x2  
  106  7:49  Widow Mine x2  
  106  7:50  Medivac  
  113  7:53  Medivac  
  113  7:55  SCV  
  116  8:11  Orbital Command  
  114  8:18  Widow Mine  
  116  8:23  Marauder x2, Marine x3  
  116  8:24  Marauder, Marine  
  116  8:25  Marine  
  116  8:26  Marine  
  123  8:30  Widow Mine  
  123  8:31  Medivac  
  125  8:38  Supply Depot  
  125  8:39  Supply Depot x3  
  125  8:47  Terran Infantry Armor Level 1, Terran Infantry Weapons Level 2  
  125  8:59  Marine x2  
  125  9:00  Medivac, Marauder x2, Marine x4  
  125  9:01  Marauder, Missile Turret, SCV, Refinery  
  125  9:02  SCV  
  141  9:03  SCV  
  142  9:14  Widow Mine x2  
  146  9:17  Marine x2  
  146  9:21  Marauder x2  
  146  9:22  Marauder  
  154  9:30  Marine x4  
  151  9:35  Marine  
  140  9:43  Marauder x3, Widow Mine x2, Marine  
  140  9:44  Medivac x2, SCV x2  
  157  9:49  Supply Depot  
  157  9:51  Marine  
  157  9:52  SCV  
  157  10:02  Starport  
  157  10:07  Terran Ship Weapons Level 1, Marine x4  
  157  10:08  Marauder x2  
  157  10:10  Marine x2  
  157  10:11  Marauder  
  169  10:19  Widow Mine  
  169  10:20  Widow Mine  
  173  10:29  Refinery  
  173  10:31  Supply Depot  
  173  10:32  Supply Depot  
  173  10:33  Supply Depot, Liberator x2  
  173  10:45  Marine  
  173  10:46  Marauder, Marine  
  173  10:49  Marauder  
  173  10:50  Marauder  
  173  10:52  Widow Mine x2  
  173  10:54  Starport Reactor  
  164  10:59  Marine x4  
  164  11:00  Command Center  
  168  11:07  Supply Depot  
  168  11:08  Marauder  
  168  11:11  Marauder x2  
  174  11:16  Liberator  
  174  11:19  Marine x5  
  174  11:24  Refinery  
  179  11:28  Refinery  
  179  11:29  Marauder  
  179  11:32  Marauder  
  102  11:52  Medivac  
  102  11:53  Medivac x2, Marine x5  
  102  11:54  Marauder x3, Marine  
  118  12:11  Marine  
Show
View Real Time Build Order
Export as new Build Order

Dystopia Protoss - Winner!

Build Orders: 1 Gate Expand, Oracle Opening, Phoenix Opening, Zealot Archon 

Get SALT Encoding   

  12  0:01  Probe  
  13  0:13  Probe  
  14  0:21  Pylon  
  14  0:25  Probe  
  15  0:39  Probe (Chrono Boost)  
  15  0:40  Gateway  
  16  0:43  Assimilator  
  16  0:49  Probe (Chrono Boost)  
  17  1:00  Probe (Chrono Boost)  
  19  1:12  Probe (Chrono Boost)  
  19  1:20  Nexus  
  19  1:23  Probe  
  20  1:34  Cybernetics Core  
  20  1:36  Probe  
  21  1:42  Assimilator  
  21  1:48  Probe  
  21  1:52  Pylon  
  22  2:01  Probe  
  23  2:11  Adept (Chrono Boost)  
  23  2:13  Warp Gate, Probe  
  26  2:25  Probe  
  26  2:26  Stargate  
  27  2:33  Probe (Chrono Boost)  
  27  2:35  Adept  
  32  2:44  Probe (Chrono Boost)  
  32  2:45  Probe (Chrono Boost)  
  33  2:52  Probe (Chrono Boost)  
  33  2:53  Pylon  
  33  2:54  Probe  
  34  3:01  Probe  
  35  3:06  Probe  
  35  3:07  Adept  
  35  3:11  Oracle (Chrono Boost)  
  41  3:13  Probe  
  41  3:18  Shield Battery, Probe  
  43  3:25  Probe  
  44  3:30  Probe  
  44  3:34  Gateway  
  45  3:36  Gateway  
  44  3:43  Phoenix (Chrono Boost)  
  44  3:46  Probe x2  
  48  3:58  Probe x2  
  48  3:59  Pylon  
  50  4:03  Phoenix  
  52  4:10  Probe  
  52  4:11  Probe  
  54  4:19  Nexus  
  54  4:22  Probe  
  55  4:28  Phoenix, Pylon  
  57  4:35  Twilight Council  
  57  4:37  Probe  
  58  4:41  Assimilator  
  58  4:43  Sentry  
  60  4:45  Assimilator  
  60  4:49  Adept x2  
  60  4:52  Shield Battery  
  64  4:53  Probe  
  64  4:54  Probe  
  66  5:06  Forge, Probe x2  
  68  5:08  Phoenix  
  70  5:19  Adept x3  
  64  5:24  Probe x2  
  61  5:30  Protoss Ground Weapons Level 1  
  55  5:36  Probe  
  55  5:38  Probe x2  
  55  5:39  Charge (Chrono Boost)  
  58  5:48  Probe  
  59  5:50  Probe x2  
  61  5:58  Gateway  
  61  6:00  Probe  
  61  6:01  Gateway  
  61  6:03  Gateway, Probe x2 (Chrono Boost)  
  64  6:07  Gateway  
  64  6:12  Templar Archives  
  64  6:15  Probe x2 (Chrono Boost)  
  67  6:18  Phoenix  
  67  6:21  Sentry  
  67  6:22  Probe (Chrono Boost)  
  67  6:23  Sentry  
  67  6:25  Probe x3  
  76  6:37  Probe x2  
  76  6:38  Probe  
  79  6:40  Zealot  
  79  6:45  Robotics Facility  
  81  6:51  Pylon  
  81  6:53  Pylon  
  81  6:54  Zealot x2  
  81  6:59  Pylon  
  81  7:00  Pylon  
  85  7:02  Pylon  
  81  7:24  Protoss Ground Armor Level 1 (Chrono Boost)  
  81  7:25  Probe x3  
  81  7:29  High Templar x3, Pylon  
  90  7:37  Warp Prism (Chrono Boost), Probe x3  
  90  7:38  Archon  
  90  7:39  High Templar  
  97  7:49  Zealot, Assimilator, Probe x3  
  97  7:50  Zealot x2  
  106  7:52  Pylon  
  106  7:53  Assimilator  
  106  7:54  Pylon  
  106  7:56  Pylon  
  106  7:57  Photon Cannon  
  106  7:58  Pylon  
  106  7:59  Photon Cannon  
  106  8:01  Probe  
  106  8:04  Photon Cannon  
  107  8:06  Zealot x3  
  103  8:15  Zealot x4  
  100  8:30  Zealot x3  
  102  8:37  Immortal (Chrono Boost)  
  102  8:40  High Templar x3  
  102  8:41  High Templar  
  114  8:52  Resonating Glaives  
  114  8:55  Zealot x3  
  120  9:08  Gateway  
  120  9:10  Gateway, Probe x3  
  120  9:11  Gateway, Archon x2  
  120  9:12  Archon  
  120  9:13  Nexus  
  120  9:14  Zealot x4  
  120  9:15  Zealot x2, Pylon  
  135  9:18  Zealot  
  135  9:23  Immortal  
  126  9:35  Zealot x5  
  128  9:40  Phoenix (Chrono Boost)  
  125  9:55  Probe x3  
  125  9:57  High Templar x6  
  140  10:04  Phoenix (Chrono Boost)  
  140  10:05  Archon x3  
  140  10:07  Probe x3  
  143  10:13  Immortal  
  149  10:22  Assimilator, Phoenix (Chrono Boost)  
  149  10:25  Zealot x4, Assimilator  
  159  10:30  Pylon  
  159  10:31  Probe x3  
  159  10:33  Pylon  
  162  10:37  Zealot x2  
  163  10:53  Zealot x5  
  163  10:54  Zealot  
  175  11:10  High Templar x4  
  183  11:14  Probe x4  
  183  11:17  Archon x2  
  187  11:24  Pylon  
  187  11:26  Twilight Council  
  187  11:32  Phoenix  
  187  11:33  Immortal  
  157  11:41  Stalker  
  157  11:42  Stalker x5  
  163  11:57  Phoenix  
  163  12:11  Zealot  
  163  12:12  Zealot x4  
Tags
 
Add a new tag
Caveats
  • Supply blocks, unpowered buildings, or Contaminate may cause inaccurate times.
  • Supply counts are checked every 10 seconds.